 Dungeon Crawl Stone Soup version 0.28-a0-655-g4eb62b627b (webtiles) character file.

Game seed: 17733997025907410226

51 cheechan the Skirmisher (level 3, -9/26 HPs)
             Began as an Octopode Fighter on Oct 13, 2021.
             Was a Follower of Zin.
             Mangled by Grinder (10 damage)
             ... while paralysed by Grinder
             ... on level 3 of the Dungeon.
             The game lasted 00:05:48 (1381 turns).

cheechan the Skirmisher (Octopode Fighter)          Turns: 1381, Time: 00:05:49

Health: -9/26      AC:  1    Str: 15    XL:     3   Next: 81%
Magic:  3/3        EV:  2    Int: 10    God:    Zin [*.....]
Gold:   29         SH:  0    Dex: 18    Spells: 2/2 levels left

rFire   . . .      SeeInvis .   a - +0 rapier
rCold   . . .      Faith    .   b - +0 buckler
rNeg    . . .      Spirit   .   (helmet restricted)
rPois   .          Reflect  .   (no amulet)
rElec   .          Harm     .   l - +6 ring of dexterity
rCorr   .          Rampage  .   (no ring)
Will    .....                   (no ring)
Stlth   +++.......              (no ring)
HPRegen 0.08/turn               (no ring)
MPRegen 0.08/turn               (no ring)
                                (no ring)
                                (no ring)

@: paralysed
A: almost no armour, amphibious, 8 rings, camouflage 1, gelatinous body 1,
(nimble swimmer 1), tentacles
a: Renounce Religion, Recite, Donate Gold


You were on level 3 of the Dungeon.
You worshipped Zin.
Zin was aware of your devotion.
You visited 1 branch of the dungeon, and saw 4 of its levels.

You collected 47 gold pieces.
You donated 18 gold pieces to Zin.

Inventory:

Hand Weapons
 a - a +0 rapier (weapon)
 h - a +0 dagger
 j - a +0 rapier
 k - a +0 short sword
 r - a +0 falchion
Missiles
 g - 13 bolts
 i - 20 stones (quivered)
 s - 32 arrows
Armour
 b - a +0 buckler (worn)
Magical Staves
 d - a staff of fire
Jewellery
 l - a +6 ring of dexterity (left tentacle)
Scrolls
 f - a scroll of identify
Potions
 c - a potion of might
 e - a potion of magic
 m - 3 potions of flight
 n - 2 potions of curing {unknown}
 o - 2 potions of cancellation {unknown}
 p - a potion of mutation {unknown}
 q - a potion of lignification {unknown}


   Skills:
 + Level 3.5 Fighting
 + Level 2.6 Short Blades
 + Level 3.4 Dodging
 + Level 0.2 Stealth
 + Level 3.3 Shields


You had 2 spell levels left.
You didn't know any spells.
Your spell library was empty.

Dungeon Overview and Level Annotations

Branches:
Dungeon (4/15)
 Temple: D:4-7

Altars:
Elyvilon
Zin

Annotations:
D:3 Grinder
D:4 3 runed translucent doors, AttackTheMoon's ghost, amateur GnFi; DarkMailMan's ghost, amateur DgTm; SkeletonJelly's ghost, amateur DsFi; siradein's ghost, amateur DrBr


Innate Abilities, Weirdness & Mutations

You cannot wear most types of armour.
You are amphibious.
You can wear up to eight rings at the same time.
Your skin changes colour to match your surroundings (Stealth+).
Your rubbery body absorbs attacks. (AC +1, EV +1)
((You are camouflaged near water. (Stealth+)))
You have tentacles for arms and can constrict up to eight enemies at once.


Message History

You kill the orc!
You block the ball python's attack. x2
Things that are here:
a +0 whip; a +0 chain mail You closely miss the ball python.
Your grab misses the ball python.
The ball python bites you but does no damage.
The ball python grabs you. The ball python constricts you.
You closely miss the ball python. You grab the ball python.
You squeeze the ball python.
The ball python is moderately wounded.
You constrict the ball python.
You kill the ball python!
Things that are here:
a +0 dagger; an orc corpse You see here a +0 falchion.
r - a +0 falchion
Things that are here:
a +0 dagger; an orc corpse
Things that are here:
a +0 whip; a +0 chain mail You see here 32 arrows.
s - 32 arrows Grinder comes into view.
An adder comes into view.
Grinder gestures at you.
You barely resist. Grinder gestures at you. You resist with significant effort.
Grinder hits you!
You writhe in agony.
You hit Grinder. You grab Grinder. You squeeze Grinder.
Grinder is lightly wounded.
You constrict Grinder, but do no damage.
Grinder gestures at you.
You suddenly lose the ability to move!
You lose your grip on Grinder.
Grinder hits you!
* * * LOW HITPOINT WARNING * * *
You writhe in agony.
* * * LOW HITPOINT WARNING * * *
Grinder hits you!
You die...

##.####...)). ###
#............ #..
..........)..
#.####..####......
#... ............#
#..# #..####..####
#..# #..# #..# #5.#
#..####..##.# #@.#
#..#........#
##..###....##..####
#..............#
#.###.##...###.#
...# #........#.#
.S##.# #.##...#.#.#
...
#..............# ##
########...#....
....#####.


You could see Grinder.

Vanquished Creatures
  An ufetubus (D:4)
  5 orcs
  A bat (D:1)
  5 endoplasms
  2 giant cockroaches
  3 goblins (D:1)
  3 hobgoblins (D:1)
  5 kobolds (D:1)
  2 quokkas
  4 ball pythons
  3 rats (D:1)
  A spectral kobold (D:1)
35 creatures vanquished.

Notes
Turn   | Place    | Note
-------+----------+-------------------------------------------
     0 | D:1      | cheechan the Octopode Fighter began the quest for the Orb.
     0 | D:1      | Reached XP level 1. HP: 16/16 MP: 1/1
    90 | D:1      | Found a faded altar of an unknown god.
   137 | D:1      | Prayed at the altar of an unknown god.
   137 | D:1      | Became a worshipper of Zin the Law-Giver
   137 | D:1      | Reached * piety under Zin
   175 | D:1      | Reached XP level 2. HP: 21/21 MP: 2/2
   803 | D:1      | Reached XP level 3. HP: 16/26 MP: 3/3
  1133 | D:1      | Donated 14 gold pieces to Zin
  1159 | D:2      | You fall into a shaft and drop 2 floors!
  1159 | D:4      | Found a runed translucent gate.
  1161 | D:4      | Found a runed translucent gate.
  1161 | D:4      | Found a runed translucent gate.
  1162 | D:4      | Noticed AttackTheMoon's ghost (amateur GnFi)
  1162 | D:4      | Noticed siradein's ghost (amateur DrBr)
  1163 | D:4      | Noticed SkeletonJelly's ghost (amateur DsFi)
  1164 | D:4      | Noticed DarkMailMan's ghost (amateur DgTm)
  1232 | D:4      | Found a white marble altar of Elyvilon.
  1372 | D:3      | Noticed Grinder
  1379 | D:3      | Paralysed by Grinder for 7 turns
  1380 | D:3      | HP: 1/26 [Grinder (5)]
  1381 | D:3      | Mangled by Grinder

Illustrated notes

Levels and vault maps discovered:
D:1:      nagdon_arrival_zigzag_paths, layout_rooms,
          dreamdust_ecumenical_altar_drowned_temple
D:2:      layout_loops_ring
D:3:      layout_loops_ring, nemelex_spade_bored_becter, bh_walls_and_bars,
          uniq_grinder
D:4:      layout_basic, elyvilon_altar_4, gammafunk_ghost_cemetery,
          uniq_menkaure

Action                   || total
-------------------------++-------
Melee: Rapier            ||    61
       Tentacles         ||    13
       Constrict         ||    16
Invok: Donate Gold       ||     1
  Use: Scroll            ||     2
Armor: Skin              ||     2
Dodge: Dodged            ||    39
Block: Buckler           ||    17

Table legend: (Time is in decaauts)
 A = Elapsed time spent in this place.
 B = Non-inter-level travel time spent in this place.
 C = Inter-level travel time spent in this place.
 D = Time resting spent in this place.
 E = Time spent auto-exploring this place.
 F = Levels seen in this place.
 G = Mean time per level.
                   A        B        C        D        E       F      G
               +--------+--------+--------+--------+--------+-----+--------+
         Total |   1387 |   1387 |      0 |    567 |      0 |   4 |  346.8 |
       Dungeon |   1387 |   1387 |      0 |    567 |      0 |   4 |  346.8 |
               +--------+--------+--------+--------+--------+-----+--------+

Top non-repeatable levels by time:
     D:1: 1137 daAuts
     D:4: 160 daAuts
     D:3: 62 daAuts
     D:2: 26 daAuts
